 Dungeon Crawl Stone Soup version 0.30.1-4-g462c640d31 (webtiles) character file.

Game seed: 17922312925324047448

3705 Woods the Martial Artist (level 10, -23/76 HPs)
             Began as a Gnoll Transmuter on Aug 24, 2023.
             Was an Elder of Cheibriados.
             Annihilated by Gastronok (32 damage)
             ... on level 8 of the Dungeon.
             The game lasted 00:17:53 (6582 turns).

Woods the Martial Artist (Gnoll Transmuter)         Turns: 6582, Time: 00:17:53

Health: -23/76     AC:  2    Str: 20    XL:     10   Next: 14%
Magic:  0/20       EV: 28    Int: 26    God:    Cheibriados [****..]
Gold:   337        SH:  0    Dex: 28    Spells: 13/23 levels left

rFire   + .          .
                       - Unarmed
rCold   x . .        (shield currently unavailable)
rNeg    . . .        a - melded +0 robe
rPois   .            (helmet currently unavailable)
rElec   .            w - melded +0 cloak
rCorr   .            (gloves currently unavailable)
SInv    .            A - melded +0 pair of boots
Will    .....        e - amulet of guardian spirit
Stlth   ++++         g - ring of the Omega Point {+Blink rPois rF+ rC- Slay+4}
HPRegen 0.32/turn    (no ring)
MPRegen 0.17/turn

%: guardian spirit
@: spider-form, slowed, very slow
A: venomous fangs, tiny, (fangs 1), strong nose, distributed training
a: End Transformation, Renounce Religion, Evoke Blink, Bend Time, Temporal
Distortion, Slouch


You were on level 8 of the Dungeon.
You worshipped Cheibriados.
Cheibriados was greatly pleased with you.
You were a venomous arachnid creature.
You visited 2 branches of the dungeon, and saw 9 of its levels.

You collected 363 gold pieces.
You spent 26 gold pieces at shops.

Inventory:

Armour
 a - a +0 robe (melded)
 w - a +0 cloak (melded)
 A - a +0 pair of boots (melded)
Jewellery
 e - an amulet of guardian spirit (around neck)
 g - the ring of the Omega Point (left front pincers) {+Blink rPois rF+ rC- Slay+4}
   (You found it on level 2 of the Dungeon)

   [ring of slaying]

   Slay:      It affects your accuracy & damage with ranged weapons and melee
   (+4).
   rF:        It protects you from fire.
   rC:        It makes you vulnerable to cold.
   rPois:     It protects you from poison.
   +Blink:    It lets you blink.
 z - a ring of protection from cold
Wands
 i - a wand of flame (23)
 k - a wand of charming (13)
Scrolls
 c - 2 scrolls of amnesia
 d - 2 scrolls of fear {unknown}
 f - 4 scrolls of enchant armour
 l - a scroll of teleportation
 m - 2 scrolls of poison {unknown}
 n - 2 scrolls of enchant weapon {unknown}
 o - 2 scrolls of fog {unknown}
 p - a scroll of butterflies {unknown}
 t - 2 scrolls of brand weapon {unknown}
 u - 2 scrolls of identify
 v - a scroll of magic mapping {unknown}
 x - a scroll of torment {unknown}
 y - 3 scrolls of blinking
Potions
 b - a potion of lignification
 h - a potion of flight {unknown}
 j - 3 potions of curing
 q - a potion of haste {unknown}
 r - 2 potions of heal wounds {unknown}
 s - 2 potions of berserk rage {unknown}


   Skills:
 + Level 5.8 Fighting
 + Level 5.2 Short Blades
 + Level 5.2 Long Blades
 + Level 5.2 Axes
 + Level 5.2 Maces & Flails
 + Level 5.2 Polearms
 + Level 5.2 Staves
 + Level 5.2 Ranged Weapons
 + Level 5.2 Throwing
 + Level 5.2 Armour
 + Level 7.0 Dodging
 + Level 5.2 Stealth
 + Level 5.2 Shields
 + Level 8.4 Unarmed Combat
 + Level 7.3 Spellcasting
 + Level 4.2 Conjurations
 + Level 4.2 Hexes
 + Level 4.2 Summonings
 + Level 4.2 Necromancy
 + Level 4.2 Translocations
 + Level 5.8 Transmutations
 + Level 4.2 Fire Magic
 + Level 4.2 Ice Magic
 + Level 4.2 Air Magic
 + Level 4.2 Earth Magic
 + Level 4.2 Poison Magic
 + Level 5.7 Invocations
 + Level 5.2 Evocations


You had 13 spell levels left.
You knew the following spells:

 Your Spells              Type           Power      Damage    Failure   Level
a - Beastly Appendage     Tmut           78%        N/A       3%          1
b - Wereblood             Tmut           39%        N/A       4%          2
c - Spider Form           Tmut/Pois      35%        N/A       9%          3
d - Ice Form              Ice/Tmut       35%        N/A       21%         4

Your spell library contained the following spells:

 Spells                   Type           Power      Damage    Failure   Level
 Sting                    Tmut/Pois      100%       1d8       4%          1
 Poisonous Vapours        Pois/Air       62%        N/A       7%          2
 Dazzling Flash           Conj/Hex       62%        N/A       11%         3
 Olgreb's Toxic Radiance  Pois           31%        N/A       26%         4
 Agony                    Necr           31%        N/A       50%         5
 Silence                  Hex/Air        15%        N/A       50%         5


Dungeon Overview and Level Annotations

Branches:
Dungeon (8/15)             Temple (1/1) D:4
   Lair: D:8-11

Altars:
Ashenzari
Cheibriados
Elyvilon
Fedhas
Kikubaaqudgha
Nemelex Xobeh
Okawaru
Qazlal
Ru
Sif Muna
Trog
Uskayaw
Vehumet
Wu Jian
Xom
Yredelemnul
Zin
The Shining One

Shops:
D:2 *   D:6 [

Annotations:
D:7 2 transporters, rvierbuc's ghost, novice DsGl
D:8 Gastronok


Innate Abilities, Weirdness & Mutations

You are a venomous arachnid creature.
You have venomous fangs.
You are tiny and dextrous.
Your spellcasting is less reliable in this form.
Your armour is entirely melded.
You are incapable of wielding weapons or throwing items.
((You have very sharp teeth.))
Your uncanny sense of smell can sniff out nearby items.
Your experience applies equally to all skills.


Message History

You hit Gastronok.
Gastronok looks as sick as possible!
Gastronok is lightly wounded.
Gastronok wobbles crazily.
You hit Gastronok.
Gastronok looks as sick as possible!
Gastronok is lightly wounded.
You bite Gastronok!
Gastronok looks as sick as possible!
Gastronok is moderately wounded.
Gastronok chants a spell, wobbling all the while.
You hit Gastronok.
Gastronok looks as sick as possible!
Gastronok is moderately wounded.
The quokka closely misses you.
You hit Gastronok.
Gastronok looks as sick as possible!
Gastronok is moderately wounded.
The quokka bites you but does no damage.
Gastronok bites you.
You maul Gastronok!!
Gastronok looks as sick as possible!
Gastronok is heavily wounded.
The quokka misses you.
You hit Gastronok.
Gastronok looks as sick as possible!
Gastronok is heavily wounded.
The river rat completely misses you.
You hit Gastronok.
Gastronok looks as sick as possible!
Gastronok is heavily wounded.
The quokka twitches its whiskers.
The quokka misses you. The river rat misses you.
Gastronok looks at you and mumbles some strange words.
You feel yourself slow down. The quokka completely misses you.
You bite Gastronok!
Gastronok looks as sick as possible!
Gastronok is severely wounded.
The quokka completely misses you. The river rat misses you.
You hit Gastronok.
Gastronok looks as sick as possible!
Gastronok is severely wounded.
The quokka misses you. The river rat closely misses you. Gastronok bites you!!
* * * LOW HITPOINT WARNING * * *
The quokka misses you.
You bite Gastronok!
Gastronok is severely wounded.
The river rat barely misses you. The quokka completely misses you.
The river rat completely misses you. Gastronok bites you!!
You die...

.##..####.......
.###†#..........
###....#........
.##.............
###..##'#..#####
#....#..#..#..(####
..[..#..#..#)..#..#
..>..####..##'##).#∆∆
.##............#s###+#...
..............rwrr)......
##.....#)###......)......
....##'#)..#'##P.##+#....
....#..#...#..#~.# ...
....#).#...#.†#P.#∆ .
..<.###########..#
..................
................#.#


You could see Gastronok (extremely poisoned), a river rat (summoned), a quokka
(summoned) and a rat (summoned).

Vanquished Creatures
  A yak (D:7)
  2 steam dragons
  3 water moccasins
  3 sky beasts
  3 black bears
  An ice beast (D:5)
  An orc warrior (D:7)
  A centaur (D:8)
  2 phantoms
  A kobold brigand (D:7)
  Blork the orc (D:6)
  2 scorpions
  9 bullfrogs
  3 wights (D:7)
  5 killer bees (D:8)
  A howler monkey (D:5)
  3 orc priests
  7 hounds
  A sleepcap (D:6)
  Jessica (D:3)
  4 iguanas
  Natasha (D:3)
  7 orc wizards
  7 adders
  A white imp (D:6)
  2 ufetubi
  2 worms
  3 dart slugs
  42 orcs
  2 bats
  3 endoplasms
  2 giant cockroaches (D:4)
  9 goblins
  5 hobgoblins
  6 quokkas
  7 ball pythons
  A frilled lizard (D:2)
  7 kobolds
  7 rats
169 creatures vanquished.

Notes
Turn   | Place    | Note
-------+----------+-------------------------------------------
     0 | D:1      | Woods the Gnoll Transmuter began the quest for the Orb.
     0 | D:1      | Reached XP level 1. HP: 17/17 MP: 6/6
   248 | D:2      | Reached XP level 2. HP: 21/23 MP: 5/7
   251 | D:2      | Learned a level 2 spell: Wereblood
   399 | D:2      | Reached skill level 5 in Spellcasting
   399 | D:2      | Reached XP level 3. HP: 23/28 MP: 5/9
   630 | D:2      | Found Miul's General Store.
   630 | D:2      | Identified the ring of the Omega Point {+Blink rPois rF+
                  | rC- Slay+4}
   662 | D:2      | Bought a scroll of identify for 26 gold pieces
   836 | D:2      | Reached skill level 1 in Invocations
  1135 | D:3      | Noticed Jessica
  1141 | D:3      | Learned a level 3 spell: Spider Form
  1155 | D:3      | Killed Jessica
  1156 | D:3      | Reached skill level 1 in Short Blades
  1156 | D:3      | Reached skill level 1 in Long Blades
  1156 | D:3      | Reached skill level 1 in Axes
  1156 | D:3      | Reached skill level 1 in Maces & Flails
  1156 | D:3      | Reached skill level 1 in Polearms
  1156 | D:3      | Reached skill level 1 in Staves
  1156 | D:3      | Reached skill level 1 in Ranged Weapons
  1156 | D:3      | Reached skill level 1 in Throwing
  1156 | D:3      | Reached skill level 1 in Armour
  1156 | D:3      | Reached skill level 1 in Stealth
  1156 | D:3      | Reached skill level 1 in Shields
  1156 | D:3      | Reached skill level 1 in Evocations
  1156 | D:3      | Reached XP level 4. HP: 31/34 MP: 2/11
  1452 | D:3      | Reached skill level 1 in Conjurations
  1452 | D:3      | Reached skill level 1 in Hexes
  1452 | D:3      | Reached skill level 1 in Summonings
  1452 | D:3      | Reached skill level 1 in Necromancy
  1452 | D:3      | Reached skill level 1 in Translocations
  1452 | D:3      | Reached skill level 1 in Fire Magic
  1452 | D:3      | Reached skill level 1 in Ice Magic
  1452 | D:3      | Reached skill level 1 in Air Magic
  1452 | D:3      | Reached skill level 1 in Earth Magic
  1452 | D:3      | Reached skill level 1 in Poison Magic
  1546 | D:3      | Noticed Natasha
  1554 | D:3      | Killed Natasha
  1555 | D:3      | Reached XP level 5. HP: 40/40 MP: 12/12
  1830 | D:3      | Noticed a black bear
  1834 | D:3      | Killed a black bear
  2302 | D:4      | Found a staircase to the Ecumenical Temple.
  2317 | Temple   | Entered the Ecumenical Temple
  2350 | Temple   | Became a worshipper of Cheibriados the Contemplative
  2412 | D:4      | Found a glowing golden altar of the Shining One.
  2451 | D:4      | Noticed a phantom
  2468 | D:4      | Killed a phantom
  2469 | D:4      | Reached skill level 5 in Dodging
  2469 | D:4      | Reached XP level 6. HP: 36/47 MP: 9/14
  3177 | D:5      | Entered Level 5 of the Dungeon
  3200 | D:5      | Reached * piety under Cheibriados
  3241 | D:5      | Found an iron altar of Okawaru.
  3258 | D:5      | Reached skill level 7 in Unarmed Combat
  3258 | D:5      | Reached XP level 7. HP: 45/52 MP: 10/15
  3450 | D:5      | Found a blossoming altar of Fedhas.
  4023 | D:5      | Reached ** piety under Cheibriados
  4087 | D:5      | Found a broken altar of Ashenzari.
  4289 | D:6      | Reached XP level 8. HP: 60/60 MP: 13/16
  4388 | D:6      | Noticed Blork the orc
  4394 | D:6      | Killed Blork the orc
  4539 | D:6      | Found a radiant altar of Vehumet.
  4615 | D:6      | Found Zahosun's Antique Armour Emporium.
  4804 | D:7      | Reached skill level 5 in Transmutations
  4820 | D:7      | Reached *** piety under Cheibriados
  4828 | D:7      | Reached XP level 9. HP: 27/66 MP: 9/18
  5126 | D:7      | Found a transporter.
  5146 | D:7      | Noticed rvierbuc's ghost (novice DsGl)
  5146 | D:7      | Identified the amulet "Qiganih" {Rampage Drain Regen+ MP+9}
  5147 | D:7      | Identified the +1 buckler of Parghuvek {+Blink Str+3 Int-5
                  | Dex+3}
  5367 | D:7      | Found a flagged portal.
  5404 | D:7      | Learned a level 4 spell: Ice Form
  5433 | D:7      | Found an ornate altar of the Wu Jian Council.
  5459 | D:7      | Reached skill level 5 in Fighting
  5632 | D:7      | Found a transporter.
  5834 | D:7      | Reached skill level 8 in Unarmed Combat
  5912 | D:8      | Reached **** piety under Cheibriados
  5915 | D:8      | Reached skill level 5 in Invocations
  6382 | D:8      | Noticed Gastronok
  6525 | D:8      | Reached skill level 5 in Short Blades
  6525 | D:8      | Reached skill level 5 in Long Blades
  6525 | D:8      | Reached skill level 5 in Axes
  6525 | D:8      | Reached skill level 5 in Maces & Flails
  6525 | D:8      | Reached skill level 5 in Polearms
  6525 | D:8      | Reached skill level 5 in Staves
  6525 | D:8      | Reached skill level 5 in Ranged Weapons
  6525 | D:8      | Reached skill level 5 in Throwing
  6525 | D:8      | Reached skill level 5 in Armour
  6525 | D:8      | Reached skill level 5 in Stealth
  6525 | D:8      | Reached skill level 5 in Shields
  6525 | D:8      | Reached skill level 5 in Evocations
  6525 | D:8      | Reached XP level 10. HP: 53/76 MP: 11/20
  6582 | D:8      | Annihilated by Gastronok

Illustrated notes

Levels and vault maps discovered:
D:1:      onia_arrival_handbag, layout_basic
D:2:      layout_basic, serial_shops, shop
D:3:      layout_basic, uniq_natasha, uniq_jessica
D:4:      layout_basic, nicolae_tso_swordbearing_angel,
          minmay_temple_entry_sparse_star
D:5:      layout_basic, nicolae_ashenzari_panopticon, old_standard_altar,
          fedhas_altar_2, minmay_misc_feat_cross, chequers_jeans
D:6:      layout_basic, vehumet_crystals, serial_shops, shop, uniq_blork_the_orc
D:7:      layout_basic, nicolae_wu_jian_wuxing_cycle, enter_bailey_3,
          gammafunk_ghost_gnarly_gnolls
D:8:      corexii_shack_village, layout_cave_pools, due_lair_maze_entry_diamond,
          uniq_gastronok
Temple:   nicolae_temple_ecumenical_triangle

Skill      XL: |  1  2  3  4  5  6  7  8  9 10 |
---------------+-------------------------------+-----
Spellcasting   | 5 6 7 |  7.3
Invocations    | 1 2 3 4 5 |  5.7
Short Blades   | 1 2 3 5 |  5.2
Long Blades    | 1 2 3 5 |  5.2
Axes           | 1 2 3 5 |  5.2
Maces & Flails | 1 2 3 5 |  5.2
Polearms       | 1 2 3 5 |  5.2
Staves         | 1 2 3 5 |  5.2
Ranged Weapons | 1 2 3 5 |  5.2
Throwing       | 1 2 3 5 |  5.2
Armour         | 1 2 3 5 |  5.2
Stealth        | 1 2 3 5 |  5.2
Shields        | 1 2 3 5 |  5.2
Evocations     | 1 2 3 5 |  5.2
Conjurations   | 1 2 3 4 |  4.2
Hexes          | 1 2 3 4 |  4.2
Summonings     | 1 2 3 4 |  4.2
Necromancy     | 1 2 3 4 |  4.2
Translocations | 1 2 3 4 |  4.2
Fire Magic     | 1 2 3 4 |  4.2
Ice Magic      | 1 2 3 4 |  4.2
Air Magic      | 1 2 3 4 |  4.2
Earth Magic    | 1 2 3 4 |  4.2
Poison Magic   | 1 2 3 4 |  4.2
Fighting       | 3 4 5 |  5.8
Transmutations | 4 5 |  5.8
Dodging        | 5 6 7 |  7.0
Unarmed Combat | 7 8 |  8.4

Action                     |  1- 3 |  4- 6 |  7- 9 | 10-12 || total
---------------------------+-------+-------+-------+-------++-------
  Melee: Unarmed           |    59 |    96 |   246 |    27 ||   428
         Kick              |    11 |     4 |     3 |     8 ||    26
         Headbutt          |     6 |     6 |     1 |     2 ||    15
         Bite              |     6 |     3 |     5 |     1 ||    15
         Punch             |     3 |     2 |     3 |     1 ||     9
   Cast: Beastly Appendage |    14 |    21 |     2 |       ||    37
         Spider Form       |     1 |     6 |    35 |     1 ||    43
         Wereblood         |       |       |     1 |     1 ||     2
Ability: End Transformatio |       |       |     8 |       ||     8
    Use: Scroll            |     2 |     2 |     3 |       ||     7
   Stab: Sleeping          |     2 |     2 |     1 |       ||     5
 Armour: Robe              |     2 |     6 |     5 |       ||    13
         Skin              |       |     1 |     7 |     1 ||     9
  Dodge: Dodged            |    34 |    58 |   238 |    30 ||   360
